 Dungeon Crawl Stone Soup version 0.27.1-2-g3b301248ec (webtiles) character file.

Game seed: 17450506343681058684

14 Descartes the Sneak (level 2, -3/15 HPs)
             Began as a Felid Wanderer on Oct 2, 2021.
             Frozen to death by an endoplasm (4 damage)
             ... on level 1 of the Dungeon.
             The game lasted 00:01:09 (744 turns).

Descartes the Sneak (Felid Wanderer)                 Turns: 744, Time: 00:01:09

Health: -3/15      AC:  1    Str:  9    XL:     2   Next: 31%
Magic:  3/3        EV: 17    Int: 11    God:
Gold:   8          SH:  0    Dex: 16    Spells: 1/1 levels left
                                        Lives:  0   Deaths: 0

rFire    . . .     SeeInvis +   (weapon unavailable)
rCold    . . .     Faith    .   (shield unavailable)
rNeg     . . .     Spirit   .   (armour unavailable)
rPois    .         Reflect  .   (helmet unavailable)
rElec    .         Harm     .   (cloak unavailable)
rCorr    .         Rampage  .   (gloves unavailable)
Will     .....                  (boots unavailable)
Stlth    +++.......             c - amulet of the acrobat
HPRegen  0.05/turn              (no ring)
MPRegen  0.08/turn              (no ring)

@: quick
A: very small, claws 1, fangs 3, see invisible, speed 1, shaggy fur 1, stealthy
paws, no weapons or thrown items, no armour, multi-lived
a: no special abilities


You were on level 1 of the Dungeon.
You visited 1 branch of the dungeon, and saw 1 of its levels.

You collected 8 gold pieces.

Inventory:

Jewellery
 c - an amulet of the acrobat (around neck)
Scrolls
 b - 2 scrolls of teleportation
 d - a scroll of magic mapping {unknown}
Miscellaneous
 a - a phial of floods (quivered)


   Skills:
 - Level 4.0 Fighting
 + Level 3.1 Dodging
 + Level 4.3 Stealth
 + Level 0.7 Unarmed Combat
 + Level 1.5 Evocations


You had one spell level left.
You didn't know any spells.
Your spell library was empty.

Dungeon Overview and Level Annotations

Branches:
Dungeon (1/15)

Altars:


Innate Abilities, Weirdness & Mutations

You have sharp claws.
You have razor-sharp teeth.
You have supernaturally acute eyesight. (SInv)
You cover ground quickly. (Speed+)
You are covered in fur. (AC +1)
Your paws help you pounce on unaware monsters.
You are incapable of wielding weapons or throwing items.
You cannot wear armour.
You gain extra lives every three experience levels.


Message History

No target in view!
No target in view!
No target in view!
No target in view!
A bat and an endoplasm come into view.
Found a stone staircase leading down.
The endoplasm quivers.
The helpless bat fails to defend itself.
You claw the bat!
You kill the bat!
The endoplasm hits you.
You barely miss the endoplasm. The endoplasm freezes you.
You are frozen.
You scratch the endoplasm but do no damage.
The endoplasm freezes you.
You are frozen.
You are too injured to fight recklessly!
You are too injured to fight recklessly!
You are too injured to fight recklessly!
You are too injured to fight recklessly!
You are too injured to fight recklessly!
You are too injured to fight recklessly!
You are too injured to fight recklessly!
You are too injured to fight recklessly!
You are too injured to fight recklessly!
You are too injured to fight recklessly!
You are too injured to fight recklessly!
You are too injured to fight recklessly!
You are too injured to fight recklessly!
You are too injured to fight recklessly!
You are too injured to fight recklessly!
The endoplasm freezes you.
You are frozen.
* * * LOW HITPOINT WARNING * * *
You scratch the endoplasm.
The endoplasm is moderately wounded.
The endoplasm freezes you.
You are frozen.
You die...

####################
#.J@..†.............
#
#.##################
#.#.#######
#.>........
#..†.......
#...####### #...#
#...# ....#


You could see an endoplasm.

Vanquished Creatures
  A bat (D:1)
  2 endoplasms (D:1)
  A hobgoblin (D:1)
  2 jackals (D:1)
  2 kobolds (D:1)
  2 ball pythons (D:1)
  2 frilled lizards (D:1)
  A rat (D:1)
13 creatures vanquished.

Notes
Turn   | Place    | Note
-------+----------+-------------------------------------------
     0 | D:1      | Descartes the Felid Wanderer began the quest for the Orb.
     0 | D:1      | Descartes set off with the following items: a phial of
                  | floods, 2 scrolls of teleportation
     0 | D:1      | Reached XP level 1. HP: 11/11 MP: 2/2
   434 | D:1      | Reached XP level 2. HP: 15/15 MP: 3/3
   744 | D:1      | Frozen to death by an endoplasm

Illustrated notes

Levels and vault maps discovered:
D:1:      amcnicky_arrival_gap_in_the_tavern_cellar, layout_basic,
          serial_park_tiny_1, chequers_serial_rivers_large_b,
          minmay_misc_feat_iff

Skill      XL: |  1 |
---------------+----+-----
Dodging        | 3 |  3.1
Fighting       | |  4.0
Stealth        | |  4.3
Unarmed Combat | |  0.7
Evocations     | |  1.5

Action                   || total
-------------------------++-------
Melee: Unarmed           ||    50
       Bite              ||     2
 Stab: Sleeping          ||     6
Dodge: Dodged            ||    41
